 Dungeon Crawl Stone Soup version 0.24-a0-355-gbe4061d (webtiles) character file.

Game seed: 14738964883945552686

130545 lunkers the Spry (level 17, 0/124 HPs)
             Began as a Halfling Hunter on May 24, 2019.
             Was the Champion of Okawaru.
             Slain by an entropy weaver (shapeshifter) (illusionary) (12 damage)
             ... on level 1 of the Depths on May 25, 2019.
             The game lasted 01:14:36 (24407 turns).

lunkers the Spry (Halfling Hunter)                 Turns: 24407, Time: 01:14:36

Health: 0/124      AC: 29    Str: 22    XL:     17   Next: 64%
Magic:  23/23      EV: 27    Int: 14    God:    Okawaru [******]
Gold:   1746       SH: 19    Dex: 21    Spells: 16/16 levels left

rFire    + . .     SeeInvis +   c - +5 fustibalus (freeze)
rCold    + + +     Gourm    .   U - +2 shield {AC+3}
rNeg     + . .     Faith    .   i - +3 chain mail of the Onion {rF+ rC+++ MR+ Dex+4}
rPois    +         Spirit   .   D - +0 helmet {SInv}
rElec    .         Reflect  .   q - +0 cloak of the Neverending Lies {rC+ Regen+ Int+5}
rCorr    .         Harm     .   o - +0 pair of gloves
MR       ++...                  W - +2 pair of boots
Stlth    ++........             y - amulet of regeneration
HPRegen  1.10/turn              T - ring of Yblyuf {rPois rC+ Str+4 Stlth+}
MPRegen  0.18/turn              G - ring of positive energy

@: about to teleport, heroism, flayed
A: small, mutation resistance 1
a: Heroism, Finesse, Renounce Religion


You were on level 1 of the Depths.
You worshipped Okawaru.
Okawaru was exalted by your worship.
You were not hungry.

You visited 4 branches of the dungeon, and saw 20 of its levels.
You also visited: Ice Cave.

You collected 2665 gold pieces.
You spent 919 gold pieces at shops.

Inventory:

Hand Weapons
 a - a +2 fustibalus of flaming
 c - a +5 fustibalus of freezing (weapon)
Missiles
 d - 193 sling bullets (quivered)
 p - 103 stones
 A - 86 poisoned darts
 C - 7 atropa-tipped darts
 F - 61 boomerangs
 I - 7 throwing nets
Armour
 i - the +3 chain mail of the Onion (worn) {rF+ rC+++ MR+ Dex+4}
   (You found it in an ice cave)

   It affects your dexterity (+4).
   It protects you from fire.
   It renders you almost immune to cold.
   It affects your resistance to hostile enchantments.
 o - a +0 pair of gloves (worn)
 q - the +0 cloak of the Neverending Lies (worn) {rC+ Regen+ Int+5}
   (Okawaru gifted it to you in an ice cave)

   It affects your intelligence (+5).
   It protects you from cold.
   It increases your rate of regeneration.
 D - a +0 helmet of see invisible (worn)
 E - a +0 chain mail of cold resistance
 U - a +2 shield of protection (worn)
 W - a +2 pair of boots (worn)
Jewellery
 y - an amulet of regeneration (around neck)
 G - a ring of positive energy (right hand)
 L - an uncursed amulet of rage
 O - an uncursed ring of protection from fire
 T - the ring of Yblyuf (left hand) {rPois rC+ Str+4 Stlth+}
   (You bought it in a shop on level 2 of the Elven Halls)

   [ring of stealth]

   It affects your strength (+4).
   It protects you from cold.
   It protects you from poison.
   It makes you more stealthy.
 X - a +4 amulet of reflection
Wands
 s - a wand of disintegration (29)
 w - a wand of flame (86)
 B - a wand of digging (4)
 N - a wand of scattershot (1)
 Q - a wand of enslavement (14)
 R - a wand of random effects (12)
 V - a wand of polymorph (8)
Scrolls
 b - a scroll of fear
 g - 4 scrolls of teleportation
 h - a scroll of silence
 t - 4 scrolls of enchant armour
 x - 9 scrolls of remove curse
 z - 3 scrolls of blinking
 H - a scroll of brand weapon
 J - a scroll of fog
Potions
 e - 6 potions of brilliance
 j - a potion of resistance
 l - a potion of invisibility
 m - 9 potions of curing
 r - 2 potions of haste
 u - 3 potions of magic
 v - 3 potions of mutation
 K - 4 potions of berserk rage
 M - a potion of cancellation
 P - 3 potions of flight
 S - 2 potions of heal wounds
 Z - a potion of might
Miscellaneous
 k - a box of beasts
Comestibles
 f - 35 rations
 n - 15 chunks of flesh


   Skills:
 - Level 13.9(18.9) Fighting
   Level 7.0(12.0) Short Blades
 - Level 14.0(19.0) Slings
 - Level 13.2(18.2) Armour
 - Level 15.0(20.0) Dodging
 - Level 1.1(6.1) Stealth
 * Level 14.1(19.1) Shields
 - Level 8.1 Invocations


You had 16 spell levels left.
You didn't know any spells.
Your spell library contained the following spells:

 Spells                   Type           Power        Failure   Level  Hunger
 Animate Skeleton         Necr           N/A          80%         1    ##.....
 Apportation              Tloc           #.....       80%         1    ##.....
 Confusing Touch          Hex            #.....       80%         1    ##.....
 Corona                   Hex            #......      80%         1    ##.....
 Freeze                   Ice            #...         80%         1    ##.....
 Magic Dart               Conj           #...         80%         1    ##.....
 Sting                    Conj/Pois      #...         80%         1    ##.....
 Summon Small Mammal      Summ           #...         80%         1    ##.....
 Ensorcelled Hibernation  Hex/Ice        #.....       90%         2    ###....
 Throw Frost              Conj/Ice       #.....       90%         2    ###....
 Confuse                  Hex            #.......     99%         3    ####...
 Dazzling Spray           Conj/Hex       #.....       99%         3    ####...
 Ozocubu's Armour         Chrm/Ice       #.......     99%         3    ####...
 Tukima's Dance           Hex            #.......     99%         3    ####...
 Fulminant Prism          Conj/Hex       #.........   100%        4    #####..
 Leda's Liquefaction      Hex/Erth       #.........   100%        4    #####..
 Summon Ice Beast         Ice/Summ       #.......     100%        4    #####..
 Summon Lightning Spire   Summ/Air       #.......     100%        4    #####..
 Throw Icicle             Conj/Ice       #.......     100%        4    #####..
 Bolt of Draining         Conj/Necr      #.........   100%        5    ######.
 Bolt of Magma            Conj/Fire/Erth #.........   100%        5    ######.
 Silence                  Hex/Air        #.........   100%        5    ######.
 Conjure Ball Lightning   Conj/Air       #.........   100%        6    #######
 Deflect Missiles         Chrm/Air       #.........   100%        6    #######
 Iron Shot                Conj/Erth      #.........   100%        6    #######
 Statue Form              Tmut/Erth      #........    100%        6    #######
 Shatter                  Erth           #.........   100%        9    #######
 Tornado                  Air            #.........   100%        9    #######


Dungeon Overview and Level Annotations

Branches:
Dungeon (15/15)            Temple (0/1) D:5            Lair (0/6) D:8
    Orc (2/2) D:11            Elf (2/3) Orc:2        Vaults (0/5) D:14
 Depths (1/5) D:15

Altars:
Fedhas
Gozag
Okawaru
Qazlal
Sif Muna
Trog
Vehumet
Xom
The Shining One
Beogh

Shops:
D:14 !   Orc:2 (?[}   Elf:1 (   Elf:2 =}=*

Portals:
Ziggurat: Depths:1

Annotations:
Elf:2 3 runed translucent doors
Depths:1 3 runed translucent doors, Mara


Innate Abilities, Weirdness & Mutations

You are small and have problems with some larger weapons.
You are somewhat resistant to further mutation.


Message History

The entropy weaver hits you.
* * * LOW HITPOINT WARNING * * *
You block the entropy weaver's attack.
The entropy weaver hits you but does no damage.
The flayed ghost completely misses you. The rakshasa closely misses you.
Firing (i - inventory. (/) - cycle)
d - 194 sling bullets (quivered)
Press: ? - help, Shift-Dir - straight line, f/p - vampire mage
Aim: a vampire mage, wearing a +0 robe (almost destroyed, slightly transparent)
You shoot a sling bullet.
The sling bullet hits the entropy weaver!!
The sling bullet freezes the entropy weaver.
The entropy weaver is severely wounded.
The entropy weaver hits you.
* * * LOW HITPOINT WARNING * * *
The entropy weaver hits you but does no damage.
The entropy weaver hits you!
* * * LOW HITPOINT WARNING * * *
The entropy weaver hits you but does no damage.
The entropy weaver hits you!
You die...

#.......##...
##.(..(......
#..(........
#(.....##...
#(....#.##..
#(..(#.#.####.
#(VR(##.#....#.
#WaH#.##......#
#a@#.#.........
####
#))##..........
...#
#)#...............
...#
#(................
...#
##.####...........
...#
#................
...#
######...........
...# #...........
...# #...........


You could see a minotaur, 2 entropy weaver shaped shifters, a rakshasa, a flayed
ghost and a vampire mage (invisible).

Vanquished Creatures
  A deep elf sorcerer (Elf:1)
  A balrug (Depths:1)
  An orc warlord (D:11)
  5 very ugly things
  A stone giant (Depths:1)
  A deep elf demonologist (Elf:1)
  An ettin (Depths:1)
  A deep elf death mage (Elf:1)
  A fire dragon (D:15)
  Harold (D:10)
  8 vault guards (D:14)
  2 ice dragons
  The ghost of porpoise the Thaumaturge, a journeyman GnSk of Okawaru (D:11)
  5 ogre magi
  23 two-headed ogres
  10 dancing weapons
  4 tengu warriors
  Urug (D:13)
  A vampire mage (Depths:1)
  An orc high priest (Elf:2)
  4 spriggan berserkers (Elf:2)
  A deep troll earth mage (D:15)
  A soul eater (Depths:1)
  8 deep elf knights
  A sun demon (Depths:1)
  3 skeletal warriors
  9 unseen horrors
  A glowing orange brain (Depths:1)
  3 wizards
  An orc knight (D:15)
  Pikel (D:8)
  10 deep elf archers
  37 deep elf magi
  An orc sorcerer (Orc:2)
  24 ugly things
  4 cyclopes
  A manticore (D:14)
  3 ice statues (IceCv)
  Psyche (D:10)
  2 centaur zombies (D:14)
  11 yaktaurs
  2 kobold demonologists (D:15)
  A tengu conjurer (D:14)
  6 trolls
  3 meliai (D:15)
  A queen bee (D:11)
  2 hornets
  4 hippogriffs
  17 slime creatures
  Sigmund (D:4)
  A wyvern (D:10)
  8 yaks
  A fire elemental (Elf:1)
  2 water elementals (Elf:2)
  A golden eye (shapeshifter) (Elf:1)
  3 hungry ghosts
  10 vampire mosquitoes
  A chaos spawn (Depths:1)
  4 wargs
  2 acid dragons
  A soldier ant (D:14)
  3 water moccasins
  Duvessa (D:4)
  13 ice beasts
  22 orc warriors
  3 sky beasts
  A necrophage (D:13)
  An eye of draining (shapeshifter) (D:15)
  A hornet zombie (D:14)
  A slave (D:9)
  38 ogres
  A phantom (D:11)
  2 eyes of draining
  14 centaurs
  3 boggarts (D:15)
  4 big kobolds
  2 crocodiles
  11 bullfrogs
  2 earth elementals
  Dowan (D:4)
  A wyvern skeleton (D:6)
  6 scorpions
  14 killer bees
  9 wights (D:12)
  3 electric eels
  2 howler monkeys (D:7)
  A quasit (D:6)
  9 crimson imps
  4 jellies
  14 orc priests
  A bullfrog skeleton (D:11)
  12 hounds
  31 orc wizards
  3 centaur skeletons
  7 iguanas
  8 worker ants
  A howler monkey zombie (D:6)
  8 gnolls (D:10)
  A howler monkey skeleton (D:10)
  13 adders
  2 shadow imps (D:5)
  An ooze (D:7)
  3 worms
  7 leopard geckos
  101 orcs
  4 bats
  A giant cockroach (D:5)
  5 goblins
  6 hobgoblins
  11 jackals
  6 quokkas
  2 ball pythons
  2 frilled lizards (D:3)
  17 kobolds
  A leopard gecko skeleton (D:6)
  4 rats
713 creatures vanquished.

Vanquished Creatures (others)
  2 deep elf magi (Elf:1)
  A jelly (D:8)
  An orc priest (D:8)
4 creatures vanquished.

Grand Total: 717 creatures vanquished

Notes
Turn   | Place    | Note
-------+----------+-------------------------------------------
     0 | D:1      | lunkers the Halfling Hunter began the quest for the Orb.
     0 | D:1      | Reached XP level 1. HP: 14/14 MP: 1/1
   209 | D:1      | Reached XP level 2. HP: 19/19 MP: 2/2
   709 | D:2      | Reached XP level 3. HP: 24/24 MP: 3/3
   936 | D:2      | Reached XP level 4. HP: 28/29 MP: 4/4
  1516 | D:3      | Reached XP level 5. HP: 32/34 MP: 5/5
  2246 | D:4      | Reached XP level 6. HP: 39/39 MP: 6/6
  2282 | D:4      | Reached skill level 10 in Slings
  2416 | D:4      | Noticed Duvessa
  2420 | D:4      | Noticed Dowan
  2421 | D:4      | Killed Duvessa
  2421 | D:4      | Reached XP level 7. HP: 44/44 MP: 7/7
  2425 | D:4      | Killed Dowan
  2426 | D:4      | Noticed Sigmund
  2436 | D:4      | Killed Sigmund
  2452 | D:4      | HP: 1/44 [orc priest/divine providence (10)]
  2858 | D:4      | Reached XP level 8. HP: 36/50 MP: 8/8
  2862 | D:4      | Reached skill level 3 in Dodging
  3062 | D:4      | Found a stormy altar of Qazlal.
  3196 | D:5      | Entered Level 5 of the Dungeon
  3241 | D:5      | Found an iron altar of Okawaru.
  3249 | D:5      | Became a worshipper of Warmaster Okawaru
  3269 | D:5      | Found a transporter.
  3295 | D:5      | Found a transporter.
  3334 | D:5      | Reached skill level 1 in Invocations
  3707 | D:5      | Found a staircase to the Ecumenical Temple.
  3756 | D:5      | Found a deep blue altar of Sif Muna.
  3793 | D:5      | Reached skill level 4 in Dodging
  3884 | D:5      | Found a shimmering altar of Xom.
  3904 | D:5      | Found a radiant altar of Vehumet.
  3973 | D:5      | Paralysed by a crimson imp for 6 turns
  4111 | D:5      | Reached * piety under Okawaru
  4484 | D:4      | Found a blossoming altar of Fedhas.
  4484 | D:4      | Found an opulent altar of Gozag.
  4764 | D:6      | Reached skill level 5 in Dodging
  4776 | D:6      | Reached XP level 9. HP: 58/58 MP: 11/11
  5382 | D:6      | Reached skill level 5 in Fighting
  5382 | D:6      | Reached skill level 6 in Dodging
  5787 | D:6      | Reached ** piety under Okawaru
  5907 | D:7      | Reached skill level 5 in Invocations
  6404 | D:7      | Reached skill level 7 in Dodging
  6877 | D:7      | Reached *** piety under Okawaru
  6877 | D:7      | Reached XP level 10. HP: 28/68 MP: 13/13
  6959 | D:7      | Reached skill level 8 in Dodging
  7149 | D:8      | Reached skill level 1 in Short Blades
  7216 | D:8      | Found a staircase to the Lair.
  7449 | D:8      | Noticed a two-headed ogre
  7482 | D:8      | Killed a two-headed ogre
  7482 | D:8      | Reached **** piety under Okawaru
  7561 | D:9      | Noticed Pikel
  7570 | D:8      | Killed Pikel
  7750 | D:9      | Reached skill level 9 in Dodging
  8018 | D:9      | Reached skill level 5 in Short Blades
  8125 | D:8      | Reached XP level 11. HP: 66/75 MP: 15/15
  8219 | D:8      | Reached ***** piety under Okawaru
  8345 | D:8      | Found a bloodstained altar of Trog.
  8778 | D:10     | Entered Level 10 of the Dungeon
  8925 | D:10     | Killed an unseen horror
  8925 | D:10     | Reached skill level 1 in Armour
  9056 | D:10     | Noticed Psyche
  9100 | D:10     | Killed Psyche
  9967 | D:10     | Noticed Harold
 10028 | D:10     | Killed Harold
 10028 | D:10     | Received a gift from Okawaru
 10204 | D:10     | Reached skill level 10 in Dodging
 10432 | D:11     | Noticed a cyclops
 10447 | D:11     | Killed a cyclops
 10529 | D:11     | Noticed a two-headed ogre
 10537 | D:11     | Noticed a two-headed ogre
 10576 | D:10     | Killed a two-headed ogre
 10576 | D:10     | Received a gift from Okawaru
 10576 | D:10     | Reached XP level 12. HP: 71/84 MP: 10/17
 10579 | D:10     | Killed a two-headed ogre
 10579 | D:10     | Received a gift from Okawaru
 10945 | D:11     | Reached skill level 5 in Armour
 11094 | D:11     | Killed an unseen horror
 11202 | D:11     | Noticed a two-headed ogre
 11354 | D:11     | Noticed a two-headed ogre
 11371 | D:10     | Killed a two-headed ogre
 11457 | D:10     | Killed a two-headed ogre
 11514 | D:11     | Killed an unseen horror
 11514 | D:11     | Reached ****** piety under Okawaru
 11581 | D:11     | Found a glowing golden altar of the Shining One.
 11587 | D:11     | You fall into a shaft and drop 1 floor!
 11624 | D:12     | Received a gift from Okawaru
 11756 | D:11     | Found a staircase to the Orcish Mines.
 11781 | D:11     | Got a crude helmet
 11792 | D:11     | Identified the +1 helmet "Hero's Friend" {*Slow rN+ Dex+2}
                  | (You found it on level 11 of the Dungeon)
 12064 | D:11     | Found a transporter.
 12086 | D:11     | Found a transporter.
 12095 | D:11     | Noticed porpoise's ghost (journeyman GnSk)
 12161 | D:11     | Reached skill level 11 in Dodging
 12366 | D:12     | Killed an unseen horror
 12741 | D:12     | Noticed a skeletal warrior
 12764 | D:12     | Noticed a skeletal warrior
 12765 | D:12     | Noticed a skeletal warrior
 12825 | D:12     | Killed a skeletal warrior
 12947 | D:11     | Killed a skeletal warrior
 12947 | D:11     | Reached XP level 13. HP: 56/91 MP: 19/19
 13508 | D:12     | Reached skill level 10 in Fighting
 13870 | D:13     | Upgraded the game from 0.24-a0-350-g5b3daab to
                  | 0.24-a0-355-gbe4061d
 14079 | D:13     | Noticed Urug
 14086 | D:13     | Killed Urug
 14086 | D:13     | Reached skill level 12 in Dodging
 14118 | D:13     | Received a gift from Okawaru
 15064 | D:14     | Reached skill level 1 in Shields
 15408 | D:14     | Reached XP level 14. HP: 101/101 MP: 20/20
 15427 | D:14     | Reached skill level 13 in Dodging
 15470 | D:14     | Found Xuplulot's Distillery.
 15486 | D:14     | Found a frozen archway.
 15504 | IceCv    | Entered an ice cave
 15517 | IceCv    | Received a gift from Okawaru
 15527 | IceCv    | Got a polished cloak {god gift}
 15542 | IceCv    | Identified the +0 cloak of the Neverending Lies {rC+ Regen+
                  | Int+5} (Okawaru gifted it to you in an ice cave)
 15622 | IceCv    | Got a jewelled chain mail
 15635 | IceCv    | Identified the +3 chain mail of the Onion {rF+ rC+++ MR+
                  | Dex+4} (You found it in an ice cave)
 15988 | D:14     | Reached skill level 5 in Shields
 16179 | D:14     | Found a gate to the Vaults.
 16731 | Orc:1    | Entered Level 1 of the Orcish Mines
 16731 | Orc:1    | Noticed an orc warlord
 16827 | D:11     | Killed an orc warlord
 16908 | D:11     | Received a gift from Okawaru
 17168 | Orc:1    | Received a gift from Okawaru
 17507 | Orc:2    | Entered Level 2 of the Orcish Mines
 17546 | Orc:2    | Found a staircase to the Elven Halls.
 17552 | Orc:2    | Reached skill level 10 in Armour
 17739 | Orc:2    | Reached skill level 14 in Dodging
 17811 | Orc:2    | Found a roughly hewn altar of Beogh.
 18071 | Orc:2    | Received a gift from Okawaru
 18107 | Orc:1    | Reached XP level 15. HP: 90/108 MP: 21/21
 18142 | Orc:1    | Received a gift from Okawaru
 18235 | Orc:2    | Received a gift from Okawaru
 18242 | Orc:2    | Reached skill level 15 in Dodging
 18248 | Orc:2    | Paralysed by an ogre mage for 4 turns
 18290 | Orc:2    | Received a gift from Okawaru
 18390 | Orc:2    | Received a gift from Okawaru
 18650 | Orc:2    | Found Demuqe's Armour Shoppe.
 18650 | Orc:2    | Found Iclois's Gadget Boutique.
 18656 | Orc:2    | Found Uburaor's Antique Weapon Shop.
 18656 | Orc:2    | Found Meotaacvu's Magic Scroll Shoppe.
 18925 | D:14     | Bought a potion of resistance for 170 gold pieces
 19069 | D:11     | Killed porpoise's ghost
 19185 | D:15     | Entered Level 15 of the Dungeon
 19473 | D:15     | Received a gift from Okawaru
 20077 | D:15     | Found a staircase to the Depths.
 20272 | Depths:1 | Entered Level 1 of the Depths
 20492 | Elf:1    | Entered Level 1 of the Elven Halls
 20720 | Elf:1    | Received a gift from Okawaru
 20754 | Elf:1    | Reached XP level 16. HP: 87/117 MP: 22/22
 20809 | Elf:1    | Found Yteqoat's Weapon Shop.
 20927 | Elf:1    | Noticed a deep elf sorcerer
 20958 | Elf:1    | Killed a deep elf sorcerer
 20958 | Elf:1    | Received a gift from Okawaru
 21915 | Elf:1    | Identified a scroll of acquirement
 22066 | Elf:1    | Identified the +5 great sword "Beabroaz" {flame, rN++
                  | Str+4}
 22077 | Elf:1    | Identified the +8 broad axe of Unoaqoh {venom, -Tele rPois
                  | rC+ Int+4}
 22293 | Elf:1    | Identified Tyopnar's Guide on Conjuration
 22412 | Elf:2    | Received a gift from Okawaru
 22512 | Elf:2    | Found Loozinydghu's Gadget Shop.
 22513 | Elf:2    | Found Feajot's Jewellery Emporium.
 22513 | Elf:2    | Found Xumpesiv's Jewellery Emporium.
 22528 | Elf:2    | Bought the ring of Yblyuf {rPois rC+ Str+4 Stlth+} for 749
                  | gold pieces
 22655 | Elf:2    | Found a runed translucent gate.
 22656 | Elf:2    | Found a runed translucent gate.
 22662 | Elf:2    | Found a runed translucent gate.
 22665 | Elf:2    | Found Ofiorphiu's Assorted Antiques.
 22811 | Elf:2    | Reached skill level 10 in Shields
 22873 | Elf:2    | Found a bloodstained altar of Trog.
 23424 | D:15     | Reached XP level 17. HP: 88/124 MP: 23/23
 23515 | Depths:1 | Noticed Mara
 23518 | Depths:1 | Noticed lunkers's illusion
 23529 | Depths:1 | Found a runed translucent gate.
 23529 | Depths:1 | Found a runed translucent gate.
 23529 | Depths:1 | Found a runed translucent gate.
 23629 | Depths:1 | Received a gift from Okawaru
 23887 | Depths:1 | Found a gateway to a ziggurat.
 24173 | Depths:1 | Found the +18 shield of the Gong {rElec rN+ MR+ EV-5}
 24407 | Depths:1 | Slain by an entropy weaver (shapeshifter) (illusionary)

Levels and vault maps discovered:
D:1:      dpeg_arrival_pits, layout_basic, serial_glass, glass_columns_a,
          glass_columns_a, feat_on_display, minmay_strange_pillars,
          minmay_strange_pillars, item_on_display_a
D:2:      layout_rooms
D:3:      layout_basic
D:4:      minmay_evil_eye, layout_cave_pools, nicolae_overflow_hidden_temple,
          uniq_sigmund, uniq_duvessa
D:5:      gammafunk_steamed_eel, layout_loops_corners, okawaru_gym_becter,
          led_xom_imps, nicolae_overflow_crystal_walls,
          minmay_temple_entry_mist, first_ration, lemuel_altar_in_water
D:6:      layout_loops_cross
D:7:      layout_loops_corners
D:8:      layout_basic, erik_lair_orcish_takeover, trog_book
D:9:      layout_irregular_city, uniq_pikel
D:10:     layout_loops_ring, uniq_harold, uniq_psyche
D:11:     layout_cave_pools, erik_orc_4, gammafunk_ghost_hive, basic_altar
D:12:     layout_roguey, serial_co_window_serial, co_window_paths_a,
          co_window_paths_a, co_window_corner_a, co_window_corner_a,
          co_window_corner_a, co_window_paths_b, co_window_paths_a,
          co_window_cross_1, co_window_corner_a, co_window_unsneaky_path_c,
          co_window_unsneaky_path_e, co_window_of_opportunity_c,
          co_window_4corner_b, co_window_paths_e, glass_columns_b,
          glass_columns_c, glass_columns_c
D:13:     layout_basic, uniq_urug
D:14:     layout_loops_cross, erik_vaults_2, minmay_misc_feat_nine_boxes,
          serial_shops, shop, portal_ice_cave_entry_pillars_1, grunt_pizzeria
D:15:     grunt_enter_depths_hoard, layout_stronghold,
          minmay_misc_feat_diagonals
Orc:1:    layout_caves, guppyfry_library_mini
Orc:2:    st_orc_ogre_mass, layout_caves, mines1_david
Elf:1:    minmay_the_grid_octo_triangle [minmay_the_grid_octo_fan_narrow,
          minmay_the_grid_octo_prize_square_snowflake,
          minmay_the_grid_octo_focus], layout_gridlike, serial_shops, shop,
          minmay_elf_sorcery
Elf:2:    layout_gridlike, serial_shops, shop, drop_trap, minivault_11,
          evilmike_spriggan_trog_shrine, minmay_shop_grove
Depths:1: layout_forbidden_donut, enter_ziggurat_c,
          minmay_misc_feat_secret_circle, serial_shops, shop_statue,
          rand_demon_pan_entry_8, hell_entry, st_stairs_2,
          minmay_shop_enchanted_jewellery, kennysheep_flooded_box,
          grunt_ministairs_2, pandoras_box_mu, uniq_mara

Skill      XL: |  1  2  3  4  5  6  7  8  9 10 11 12 13 14 15 16 17 |
---------------+----------------------------------------------------+-----
Slings         | 6 7 8 9 11 12 13 14 | 14.0
Fighting       | 2 4 6 7 8 9 11 12 13 | 13.9
Dodging        | 5 7 9 10 11 12 14 15 | 15.0
Invocations    | 3 5 6 7 8 |  8.1
Short Blades   | 5 7 |  7.0
Armour         | 4 6 8 10 12 13 | 13.2
Shields        | 3 5 10 14 | 14.1
Stealth        | |  1.1

Action                   |  1- 3 |  4- 6 |  7- 9 | 10-12 | 13-15 | 16-18 || total
-------------------------+-------+-------+-------+-------+-------+-------++-------
Melee: Dagger            |       |       |       |   268 |       |       ||   268
       Short sword       |       |       |       |   609 |       |       ||   609
       Punch             |       |       |       |     2 |       |       ||     2
       Fustibalus        |       |       |       |       |     8 |       ||     8
 Fire: Hunting sling     |    62 |   161 |   502 |       |       |       ||   725
       Fustibalus        |       |       |       |    53 |  1739 |  1070 ||  2862
Throw: Dart              |       |       |       |   403 |       |       ||   403
       Stone             |       |       |       |     3 |       |       ||     3
Invok: Heroism           |       |       |       |    11 |     8 |    12 ||    31
Evoke: Wand              |       |     4 |     4 |     8 |       |       ||    16
  Use: Scroll            |       |       |     3 |    12 |    12 |    13 ||    40
 Stab: Petrified         |       |       |       |     2 |       |       ||     2
       Paralysed         |       |       |       |     4 |       |       ||     4
       Invisible         |       |       |       |     2 |       |       ||     2
  Eat: Chunk             |       |     4 |    13 |    22 |    19 |    10 ||    68
       Ration            |       |       |       |       |     1 |       ||     1
Armor: Leather armour    |     1 |     7 |       |       |       |       ||     8
       Ring mail         |       |     9 |    38 |    76 |       |       ||   123
       Acid dragon scale |       |       |       |   198 |     7 |       ||   205
       Scale mail        |       |       |       |       |    44 |       ||    44
       Chain mail        |       |       |       |       |   209 |   151 ||   360
Dodge: Dodged            |    11 |    44 |   112 |   956 |   664 |   345 ||  2132
Block: Buckler           |       |       |       |       |   287 |    44 ||   331
       Shield            |       |       |       |       |       |   351 ||   351

Table legend:
 A = Non-vault XP
 B = Vault XP
 C = Vault XP percentage of total XP
 D = Non-vault monster count
 E = Vault monster count
 F = Vault count percentage of total count
                 A         B        C        D         E       F
            +---------+---------+-------+---------+---------+-------
      Total |  116923 |   69570 |  37.3 |     554 |     161 |  22.5
            +---------+---------+-------+---------+---------+-------
        D:1 |      13 |       0 |   0.0 |       7 |       0 |   0.0
        D:2 |      85 |       0 |   0.0 |      19 |       0 |   0.0
        D:3 |     143 |       0 |   0.0 |      23 |       0 |   0.0
        D:4 |     376 |     456 |  54.8 |      19 |       3 |  13.6
        D:5 |     484 |     298 |  38.1 |      19 |       6 |  24.0
        D:6 |    1017 |       0 |   0.0 |      21 |       0 |   0.0
        D:7 |    1397 |     299 |  17.6 |      21 |       2 |   8.7
        D:8 |    1838 |     951 |  34.1 |      16 |       8 |  33.3
        D:9 |    1475 |       0 |   0.0 |      15 |       0 |   0.0
       D:10 |    7894 |    1640 |  17.2 |      52 |       9 |  14.8
       D:11 |    7366 |    2159 |  22.7 |      59 |      17 |  22.4
       D:12 |    6515 |       0 |   0.0 |      45 |       0 |   0.0
       D:13 |    4147 |     867 |  17.3 |      17 |       1 |   5.6
       D:14 |   16973 |    7953 |  31.9 |      51 |       9 |  15.0
       D:15 |    8216 |    5134 |  38.5 |      30 |       6 |  16.7
      Orc:1 |     797 |    4305 |  84.4 |      15 |      17 |  53.1
      Orc:2 |    3333 |   12156 |  78.5 |      35 |      28 |  44.4
      Elf:1 |   16975 |   20202 |  54.3 |      26 |      32 |  55.2
      Elf:2 |    9264 |    6514 |  41.3 |      19 |       8 |  29.6
   Depths:1 |   28615 |    3451 |  10.8 |      45 |       4 |   8.2
      IceCv |       0 |    3185 | 100.0 |       0 |      11 | 100.0
            +---------+---------+-------+---------+---------+-------
